 Dungeon Crawl Stone Soup version 0.26-a0-1177-g1209ec82b9 (webtiles) character file.

Game seed: 2823191525823945587

2814 sahdkjhfkaj the Reanimator (level 9, -2/81 HPs)
             Began as a Deep Dwarf Necromancer on Dec 24, 2020.
             Was a Priest of Ru.
             Slain by an elephant (17 damage)
             ... on level 7 of the Dungeon.
             The game lasted 00:24:44 (12311 turns).

sahdkjhfkaj the Reanimator (DDNe)                  Turns: 12311, Time: 00:24:45

Health: -2/81      AC:  4    Str: 12    XL:     9   Next: 44%
Magic:  1/10       EV: 12    Int: 19    God:    Ru [***...]
Gold:   389        SH:  5    Dex: 13    Spells: 15/19 levels left

rFire    . . .     SeeInvis .   a - +3 spear
rCold    . . .     Faith    .   g - +0 buckler
rNeg     . . .     Spirit   .   k - +1 robe
rPois    .         Reflect  .   (no helmet)
rElec    .         Harm     .   (no cloak)
rCorr    .         Rampage  .   (no gloves)
Will     +....                  D - +0 pair of boots (curse)
Stlth    ++........             (no amulet)
HPRegen  0.00/turn              (no ring)
MPRegen  0.12/turn              (no ring)

@: non-regenerating
A: damage resistance, heal wounds, sense surroundings 2, inability to use
devices, hated by all, no regeneration
a: Heal Wounds, Renounce Religion, Draw Out Power


You were on level 7 of the Dungeon.
You worshipped Ru.
Ru was most pleased with you.
You visited 1 branch of the dungeon, and saw 8 of its levels.

You collected 389 gold pieces.

Inventory:

Hand Weapons
 a - a +3 spear (weapon)
Missiles
 l - 47 poisoned darts
Armour
 g - a +0 buckler (worn)
 k - a +1 robe (worn)
 D - a cursed +0 pair of boots (worn)
Jewellery
 h - an uncursed ring of resist corrosion {unknown}
 u - an uncursed ring of flight {unknown}
 y - an uncursed ring of protection from fire {unknown}
 z - a cursed ring of attention {unknown}
 A - a cursed amulet of guardian spirit {unknown}
 E - a cursed -4 ring of strength {unknown}
 H - an uncursed ring of see invisible {unknown}
Scrolls
 b - 3 scrolls of blinking
 c - 10 scrolls of remove curse
 e - 2 scrolls of fog
 j - 4 scrolls of teleportation {!r}
 n - 4 scrolls of amnesia
 p - a scroll of fear {unknown}
 q - a scroll of magic mapping {unknown}
 v - a scroll of enchant weapon {unknown}
 B - 2 scrolls of vulnerability
 F - a scroll of enchant armour
Potions
 d - 2 potions of curing {unknown}
 f - 2 potions of ambrosia {unknown}
 i - 2 potions of haste {unknown}
 m - 2 potions of invisibility {unknown}
 o - a potion of flight {unknown}
 r - a potion of attraction {unknown}
 s - 2 potions of lignification {unknown}
 t - a potion of berserk rage {unknown}
 w - a potion of heal wounds {unknown}
 x - 2 potions of resistance {unknown}
 C - a potion of might {unknown}


   Skills:
 - Level 5.0 Fighting
 - Level 2.0 Polearms
 - Level 2.1 Dodging
 - Level 2.4 Stealth
 - Level 4.0 Shields
 + Level 5.6 Spellcasting
 + Level 9.6 Necromancy
 - Level 5.0 Invocations


You had 15 spell levels left.
You knew the following spells:

 Your Spells              Type           Power        Failure   Level
a - Pain                  Necr           100%         1%          1
c - Vampiric Draining     Necr           20%          1%          3

Your spell library contained the following spells:

 Spells                   Type           Power        Failure   Level
 Agony                    Necr           41%          6%          5
 Animate Skeleton         Necr           Unusable     N/A         1
 Animate Dead             Necr           Unusable     N/A         4

Dungeon Overview and Level Annotations

Branches:
Dungeon (8/15)             Temple (0/1) D:7            Lair (0/6) D:8

Altars:
Dithmenos
Gozag
Kikubaaqudgha
Nemelex Xobeh
Okawaru
Ru
Sif Muna
Uskayaw
Vehumet
Wu Jian
The Shining One

Annotations:
D:4 1 runed translucent door, xraymikek's ghost, amateur DrFE
D:5 exclusion: door
D:8 1 runed translucent door


Innate Abilities, Weirdness & Mutations

You are resistant to damage.
You can heal yourself by infusing magical energy.
You passively map the area around you.
You cannot study or use magical devices.
You are hated by all.
You do not regenerate.


Message History

You catch the helpless elephant completely off-guard!
You hit the elephant but do no damage.
The elephant is severely wounded.
Aiming: Pain (safe; 1% risk of failure)
Press: ? - help, Q - select action, (/) - cycle Shift-Dir - straight line, f/p - elephant
Aim: an elephant (heavily wounded, wandering, blind, hasn't noticed you, chance to affect: 54%)
The elephant writhes in agony!
The elephant trumpets!
The elephant is no longer blind.
Unknown command.
You hit the elephant but do no damage.
The elephant is severely wounded.
The elephant completely misses you. The elephant trunk-slaps you.
You hit the elephant.
The elephant is severely wounded.
The elephant tramples you but does no damage.
The elephant trunk-slaps you.
* * * LOW HITPOINT WARNING * * *
You fail to use your ability.
The elephant tramples you!!
You die...

#........†...#.....####.####+##..
.............#.....####.###.....#
.............#........#...#.....#
......(......#........#...#.....#
.......[.....#........#...#.....#
......##'#####...##..###'##.....#
.#+####.....##...##..##........##
.#....................#........#
.#........>....Y@.../.'........#
.#....................#........#
.######################.<......#
## ##########


You could see an elephant.

Vanquished Creatures
  A wyvern (D:8)
  A basilisk (D:8)
  2 water moccasins
  An ice beast (D:5)
  A black bear (D:8)
  A phantom (D:5)
  3 ogres
  3 centaurs
  4 bullfrogs
  2 scorpions
  3 wights
  4 killer bees (D:7)
  2 hounds
  2 jellies (D:6)
  3 orc priests
  A bullfrog skeleton (D:8)
  Jessica (D:3)
  4 orc wizards
  4 worker ants
  A hound skeleton (D:8)
  2 worker ant zombies
  4 gnolls
  4 adders
  A shadow imp (D:5)
  2 white imps
  2 oozes (D:2)
  2 ufetubi (D:7)
  An adder zombie (D:5)
  2 worms
  2 dart slugs
  4 leopard geckos
  22 orcs
  9 bats
  3 giant cockroaches
  13 hobgoblins
  6 jackals
  A ball python (D:4)
  4 frilled lizards
  8 goblins
  2 jackal skeletons
  10 kobolds
  A leopard gecko zombie (D:7)
  A quokka skeleton (D:5)
  10 rats
160 creatures vanquished.

Vanquished Creatures (others)
  A hornet (D:8)
  A bullfrog (D:7)
2 creatures vanquished.

Grand Total: 162 creatures vanquished

Notes
Turn   | Place    | Note
-------+----------+-------------------------------------------
     0 | D:1      | sahdkjhfkaj the Deep Dwarf Necromancer began the quest for
                  | the Orb.
     0 | D:1      | Reached XP level 1. HP: 15/15 MP: 3/3
   335 | D:1      | Reached XP level 2. HP: 22/22 MP: 0/5
  1186 | D:1      | Reached XP level 3. HP: 28/28 MP: 4/6
  1209 | D:1      | Learned a level 3 spell: Vampiric Draining
  1517 | D:2      | Reached skill level 5 in Necromancy
  2159 | D:2      | Reached XP level 4. HP: 36/36 MP: 4/7
  2379 | D:2      | Found an ornate altar of the Wu Jian Council.
  2379 | D:2      | Found a shimmering blue altar of Sif Muna.
  2483 | D:2      | Reached skill level 6 in Necromancy
  2737 | D:2      | Found a sacrificial altar of Ru.
  3031 | D:2      | Became a worshipper of Ru the Awakened
  3466 | D:3      | Reached XP level 5. HP: 33/42 MP: 1/8
  3619 | D:3      | Noticed Jessica
  3624 | D:3      | Killed Jessica
  4292 | D:3      | Reached skill level 7 in Necromancy
  4495 | D:4      | Reached skill level 1 in Fighting
  5062 | D:3      | Reached XP level 6. HP: 51/54 MP: 3/9
  5416 | D:3      | Gained mutation: You are hated by all. [Ru sacrifice]
  5416 | D:3      | Reached * piety under Ru
  5665 | D:4      | Found a shadowy altar of Dithmenos.
  5675 | D:4      | Found a glowing golden altar of the Shining One.
  5812 | D:4      | Found a runed translucent door.
  5813 | D:4      | Noticed xraymikek's ghost (amateur DrFE)
  6192 | D:5      | Entered Level 5 of the Dungeon
  6614 | D:5      | Noticed an ice beast
  6917 | D:5      | Reached skill level 1 in Shields
  6917 | D:5      | Reached XP level 7. HP: 18/66 MP: 9/9
  7060 | D:5      | Found an iron altar of Okawaru.
  7144 | D:5      | Found a radiant altar of Vehumet.
  7148 | D:5      | Found a sparkling altar of Nemelex Xobeh.
  7404 | D:6      | Reached skill level 1 in Polearms
  7677 | D:6      | HP: 3/66 [bullfrog (5)]
  7774 | D:6      | Reached skill level 5 in Fighting
  7774 | D:6      | Reached skill level 1 in Invocations
  8074 | D:6      | Reached XP level 8. HP: 29/74 MP: 0/7
  8920 | D:6      | Gained mutation: You cannot study or use magical devices.
                  | [Ru sacrifice]
  8920 | D:6      | Reached ** piety under Ru
  8920 | D:6      | Reached *** piety under Ru
  9245 | D:6      | Reached skill level 5 in Invocations
 10240 | D:7      | Found an opulent altar of Gozag.
 10289 | D:7      | Reached skill level 8 in Necromancy
 11301 | D:7      | Found a staircase to the Ecumenical Temple.
 11433 | D:8      | Found an ancient bone altar of Kikubaaqudgha.
 11444 | D:8      | Gained mutation: You passively map the area around you.
                  | [Deep Dwarf growth]
 11444 | D:8      | Reached XP level 9. HP: 57/81 MP: 0/9
 11640 | D:8      | Found a runed translucent door.
 11898 | D:8      | Paralysed by a hornet for 2 turns
 11901 | D:8      | Paralysed by a hornet for 2 turns
 11910 | D:8      | Reached skill level 5 in Spellcasting
 11910 | D:8      | Reached skill level 9 in Necromancy
 12196 | D:8      | Found a hide-covered altar of Uskayaw.
 12213 | D:8      | Found a staircase to the Lair.
 12214 | D:8      | Noticed an elephant
 12311 | D:7      | Slain by an elephant

Illustrated notes

Levels and vault maps discovered:
D:1:      sevenhm_arrival_forest_fort_large_2, layout_basic, minmay_pentomino_v2
D:2:      layout_basic, nicolae_ru_path_of_blood,
          gammafunk_temple_overflow_elements, minmay_misc_feat_diagonals,
          kennysheep_generic_room_3
D:3:      layout_rooms, uniq_jessica
D:4:      layout_cave_pools, gammafunk_temple_overflow_pools,
          ebering_ghost_reflecting_pool, kennysheep_generic_room_10
D:5:      cheibrodos_barr_body, layout_rooms, okawaru_metal_pillars_1_2,
          minitemple, serial_glass, glass_columns_a, glass_columns_c,
          glass_columns_b, glass_columns_c, glass_columns_c, glass_columns_b,
          glass_columns_a, glass_columns_a, glass_columns_a, glass_columns_a,
          glass_columns_b, glass_columns_b, glass_columns_a, glass_columns_a
D:6:      layout_basic
D:7:      layout_gridville, grunt_gozag_breadcrumbs,
          minmay_temple_entry_poolview
D:8:      gammafunk_indiana_jones, layout_basic, kiku_gazebo_garden_becter,
          david_lair_generic, basic_altar, kb_rosetta

Skill      XL: |  1  2  3  4  5  6  7  8  9 |
---------------+----------------------------+-----
Spellcasting   | 2 4 5 |  5.6
Necromancy     | 5 6 7 8 9 |  9.6
Fighting       | 2 4 5 |  5.0
Shields        | 1 3 4 |  4.0
Polearms       | 2 |  2.0
Invocations    | 3 5 |  5.0
Dodging        | |  2.1
Stealth        | |  2.4

Action                   |  1- 3 |  4- 6 |  7- 9 || total
-------------------------+-------+-------+-------++-------
Melee: Unarmed           |     3 |    69 |       ||    72
       Spear             |       |    24 |   208 ||   232
 Cast: Pain              |    61 |   109 |    25 ||   195
       Vampiric Draining |     4 |    33 |    69 ||   106
Invok: Sacrifice Love    |       |     1 |       ||     1
       Sacrifice Artific |       |       |     1 ||     1
 Abil: Heal Wounds       |       |     2 |    13 ||    15
  Use: Scroll            |       |     6 |     4 ||    10
 Stab: Distracted        |       |       |     1 ||     1
       Invisible         |       |       |     5 ||     5
       Sleeping          |       |       |     1 ||     1
Armor: Robe              |     5 |    10 |    43 ||    58
Dodge: Dodged            |    16 |    92 |   175 ||   283
Block: Buckler           |       |       |    40 ||    40

Table legend: (Time is in decaauts)
 A = Elapsed time spent in this place.
 B = Non-inter-level travel time spent in this place.
 C = Inter-level travel time spent in this place.
 D = Time resting spent in this place.
 E = Time spent auto-exploring this place.
 F = Levels seen in this place.
 G = Mean time per level.
                   A        B        C        D        E       F      G
               +--------+--------+--------+--------+--------+-----+--------+
         Total |  12333 |  11700 |    633 |   4712 |   4977 |   8 | 1541.6 |
       Dungeon |  12333 |  11700 |    633 |   4712 |   4977 |   8 | 1541.6 |
               +--------+--------+--------+--------+--------+-----+--------+

Top non-repeatable levels by time:
     D:2: 2006 daAuts
     D:6: 1917 daAuts
     D:7: 1912 daAuts
     D:3: 1904 daAuts
     D:1: 1450 daAuts
     D:5: 1092 daAuts
     D:4: 1088 daAuts
     D:8: 963 daAuts
